Map: Blackpink LE

Players

HeRoMaRinE - Winner!

  • Race: Terran Terran
  • Spawn Location: 1:00

BackupJ (Kas)

  • Race: Terran Terran
  • Spawn Location: 7:00

Event: WCS Leipzig 2018

VOD

Have the link to the VOD?

Description

Time

  • Played on: Jan. 26, 2018, 9:38 a.m.
  • Length: 15:27

All games in this series

Show
View Real Time Build Order
Export as new Build Order

HeRoMaRinE Terran - Winner!

Build Orders: Gas First Reaper Expand, Reaper Expand, Bio Tank, Banshee Rush 

Get SALT Encoding   

  12  0:00  SCV  
  13  0:12  SCV  
  14  0:17  Supply Depot  
  14  0:24  SCV  
  15  0:28  Refinery  
  15  0:39  SCV  
  16  0:44  Barracks  
  16  0:51  SCV  
  17  1:03  SCV  
  18  1:15  SCV  
  19  1:31  Orbital Command, Reaper  
  20  1:46  Command Center  
  20  1:56  Factory  
  20  1:59  SCV  
  21  2:06  Barracks Reactor  
  21  2:12  SCV  
  22  2:16  Supply Depot  
  22  2:18  Refinery  
  22  2:24  SCV  
  23  2:38  SCV  
  24  2:44  Starport  
  24  2:48  Hellion x2  
  24  2:50  SCV  
  29  2:57  Orbital Command  
  29  3:00  Barracks Tech Lab  
  29  3:03  SCV  
  30  3:10  Hellion  
  30  3:12  Hellion  
  34  3:15  SCV  
  35  3:27  Cloaking Field  
  35  3:28  SCV  
  35  3:29  Banshee  
  39  3:35  Supply Depot  
  39  3:37  SCV  
  39  3:40  SCV  
  41  3:41  Marine  
  41  3:42  Marine  
  41  3:44  Factory Tech Lab  
  42  3:49  SCV  
  42  3:52  SCV  
  44  3:59  Marine x2  
  44  4:01  SCV  
  47  4:04  SCV, Siege Tank  
  47  4:09  Engineering Bay  
  51  4:13  SCV  
  51  4:16  SCV  
  53  4:25  Supply Depot  
  53  4:28  SCV  
  53  4:30  Banshee  
  53  4:31  SCV, Marine  
  59  4:35  Missile Turret  
  60  4:42  Siege Tank  
  62  4:47  SCV x2  
  64  4:59  SCV x2  
  66  5:00  Command Center  
  66  5:06  Refinery x2  
  66  5:11  SCV x2, Supply Depot  
  67  5:23  Siege Tank  
  70  5:29  Engineering Bay  
  70  5:32  SCV x2, Viking  
  70  5:34  Marine  
  75  5:45  SCV x2  
  75  5:49  Stimpack  
  77  5:52  Marine  
  77  5:55  Barracks  
  77  5:56  Barracks  
  78  6:03  Supply Depot  
  78  6:04  Terran Infantry Weapons Level 1, Terran Infantry Armor Level 1  
  78  6:14  SCV x2  
  75  6:22  Marine, Starport Reactor  
  75  6:23  Orbital Command, Siege Tank  
  79  6:26  SCV x2  
  81  6:38  SCV x2  
  83  6:40  Marine  
  83  6:44  Marine x2  
  86  6:49  Barracks  
  86  6:50  Supply Depot, Barracks  
  86  6:51  Barracks Reactor  
  86  6:58  Marine  
  86  6:59  Siege Tank  
  86  7:00  Medivac x2  
  94  7:01  Bunker  
  94  7:02  Marine x2  
  96  7:15  Marine  
  96  7:16  Orbital Command  
  96  7:19  Marine  
  96  7:20  Marine  
  99  7:25  SCV  
  99  7:26  SCV  
  99  7:31  Siege Tank  
  99  7:32  Medivac x2  
  99  7:33  Marine  
  107  7:37  Marine x2  
  107  7:38  Marine  
  107  7:39  Armory, Barracks Reactor  
  110  7:50  Combat Shields  
  109  7:51  Marine x2  
  109  7:55  Marine  
  109  7:58  Barracks Reactor  
  112  7:59  Missile Turret  
  112  8:05  Supply Depot, Marine x2  
  114  8:06  Supply Depot, Medivac, Siege Tank  
  114  8:09  Marine x2  
  121  8:16  SCV  
  121  8:17  SCV x2  
  107  8:20  Marine x2  
  107  8:25  Marine x2  
  97  8:30  SCV  
  97  8:31  SCV, Marine x3  
  99  8:35  Marine x2  
  99  8:37  SCV  
  99  8:38  Siege Tank, Marine  
  99  8:39  Marine  
  103  8:41  Medivac  
  103  8:43  SCV, Marine x2  
  103  8:45  SCV  
  103  8:46  Orbital Command  
  109  8:49  Marine  
  110  8:57  Terran Infantry Weapons Level 2  
  110  9:01  SCV x2  
  112  9:05  Marine  
  112  9:06  Marine  
  112  9:07  Marine  
  115  9:12  Siege Tank  
  115  9:13  SCV x2, Marine  
  119  9:18  Terran Infantry Armor Level 2  
  119  9:22  SCV  
  120  9:25  SCV, Marine x2  
  120  9:31  Refinery  
  123  9:33  SCV, Refinery  
  123  9:34  SCV  
  123  9:36  Marine  
  123  9:37  Marine  
  123  9:38  Marine x2  
  129  9:39  Marine  
  129  9:41  Marine  
  129  9:45  SCV  
  131  9:50  Supply Depot, Marine  
  131  9:51  Terran Vehicle Weapons Level 1  
  131  10:01  SCV, Barracks Reactor  
  131  10:02  SCV, Factory  
  131  10:03  SCV, Sensor Tower  
  131  10:06  Marine  
  135  10:13  SCV  
  135  10:14  SCV, Siege Tank  
  137  10:16  SCV  
  137  10:17  Marine x2  
  137  10:18  Marine x4  
  147  10:23  Supply Depot  
  147  10:25  SCV  
  147  10:26  SCV, Supply Depot  
  147  10:27  Supply Depot  
  149  10:35  SCV  
  149  10:36  Supply Depot  
  149  10:37  Supply Depot  
  149  10:45  SCV x2, Marine x6  
  149  10:46  Marine x2  
  149  10:48  Siege Tank  
  160  10:50  Siege Tank  
  160  10:58  Supply Depot, Marine x2  
  160  10:59  Supply Depot  
  160  11:02  Marine x3  
  160  11:03  Marine x2  
  163  11:07  Marine  
  163  11:08  Marine  
  163  11:11  Marine  
  165  11:15  Marine  
  165  11:16  Marine  
  168  11:20  Siege Tank, Marine x3  
  168  11:21  Marine  
  174  11:26  Marine  
  174  11:28  Refinery, Siege Tank  
  174  11:29  Terran Infantry Weapons Level 3  
  174  11:30  Sensor Tower  
  174  11:31  Medivac x2  
  182  11:36  Marine  
  182  11:38  Supply Depot  
  183  11:40  Terran Infantry Armor Level 3  
  183  11:44  Marine x3  
  183  11:45  Marine  
  183  11:46  Marine  
  188  11:52  Siege Tank  
  191  11:56  Marine x2  
  191  12:00  Siege Tank  
  196  12:04  Marine x3  
  196  12:05  Marine  
  196  12:06  Marine  
  157  12:09  Marine  
  157  12:10  Marine  
  157  12:11  Marine  
  157  12:14  Medivac, Marine  
  143  12:19  Medivac  
  143  12:21  Marine x2  
  147  12:24  Siege Tank  
  147  12:26  Marine x2  
  152  12:31  Marine x4  
  152  12:32  Marine x2, Siege Tank  
  151  12:48  Marine x3  
  151  12:51  Marine x2  
  155  12:52  Marine x3  
  155  12:56  Siege Tank  
  156  13:01  Marine x2  
  156  13:04  Siege Tank  
  154  13:06  Marine x2  
  154  13:12  Marine x3  
  158  13:14  Marine x3  
  158  13:19  Marine x2  
  163  13:24  Marine x2  
  165  13:29  Siege Tank, Marine  
  165  13:30  Marine x2  
  165  13:32  Marine x3  
  171  13:37  Marine x2  
  145  13:44  Marine x2  
  145  13:47  Marine  
  145  13:48  Marine x2  
  153  13:55  Marine x2  
  155  13:57  Marine x3  
  155  14:01  Medivac, Siege Tank  
  155  14:02  Marine x2  
  162  14:04  Siege Tank  
  162  14:07  Marine  
  162  14:19  Marine x2  
  162  14:21  Marine  
  165  14:27  Marine x3  
  147  14:33  Siege Tank  
  147  14:34  Marine x2  
  147  14:35  Marine  
  147  14:36  Marine, Siege Tank  
  147  14:37  Marine x2  
  152  14:39  Marine  
  152  14:40  Orbital Command  
  152  14:45  Marine x2  
  140  14:59  Marine x3  
  137  15:05  Marine x3  
Show
View Real Time Build Order
Export as new Build Order

BackupJ Terran 

Build Orders: Cyclone Opening, Gas First Reaper Expand, Reaper Expand, Bio Tank 

Get SALT Encoding   

  12  0:00  SCV  
  13  0:12  SCV  
  14  0:17  Supply Depot  
  14  0:25  SCV  
  14  0:28  Refinery  
  15  0:39  SCV  
  16  0:44  Barracks  
  16  0:51  SCV  
  17  1:03  SCV  
  18  1:15  SCV  
  19  1:30  Orbital Command  
  19  1:31  Reaper  
  20  1:41  Command Center  
  20  1:51  Factory  
  20  1:57  SCV  
  21  2:03  Refinery  
  21  2:05  Barracks Reactor  
  21  2:11  SCV  
  22  2:15  Supply Depot  
  22  2:23  SCV  
  23  2:37  SCV  
  23  2:38  Cyclone  
  23  2:43  Marine x2  
  29  2:49  SCV  
  30  2:54  Orbital Command  
  30  3:01  SCV, Starport, Marine  
  30  3:02  Marine  
  33  3:13  SCV  
  34  3:20  SCV  
  34  3:25  SCV  
  36  3:27  Marine x2  
  36  3:32  Cyclone  
  41  3:36  SCV, Supply Depot  
  41  3:38  SCV  
  43  3:45  Marine x2  
  45  3:48  SCV  
  45  3:57  SCV, Medivac  
  45  4:00  Engineering Bay  
  49  4:10  SCV  
  49  4:12  SCV, Supply Depot  
  49  4:14  Barracks Tech Lab  
  49  4:16  Factory Tech Lab  
  50  4:22  SCV  
  51  4:24  SCV  
  52  4:32  Missile Turret  
  52  4:33  Missile Turret  
  52  4:35  Marine, Stimpack  
  52  4:37  SCV  
  52  4:38  SCV, Missile Turret  
  57  4:43  Barracks  
  58  4:47  Starport Reactor  
  58  4:49  Barracks  
  58  4:50  Siege Tank  
  58  4:51  SCV x2  
  60  4:53  Marine  
  60  5:00  Supply Depot  
  60  5:03  SCV  
  60  5:06  SCV  
  62  5:09  Terran Infantry Weapons Level 1  
  62  5:22  SCV x2, Marine  
  62  5:24  Refinery  
  62  5:25  Supply Depot  
  62  5:28  Siege Tank  
  68  5:34  SCV x2  
  69  5:43  Marine  
  69  5:46  Marine x2, Starport Reactor  
  69  5:47  SCV x2  
  69  5:49  Supply Depot  
  74  5:50  Supply Depot  
  74  5:52  Marine x2  
  76  5:58  Missile Turret  
  76  5:59  SCV x2  
  76  6:00  Marine  
  78  6:10  Factory Tech Lab, Marine x4  
  78  6:11  SCV  
  75  6:18  Marine  
  75  6:24  SCV  
  76  6:28  Refinery, Marine x4  
  76  6:30  Medivac x2  
  76  6:31  Siege Tank  
  87  6:36  Supply Depot, Marine  
  87  6:37  Supply Depot  
  87  6:39  Combat Shields  
  88  6:46  Marine x4  
  92  6:52  Command Center  
  92  6:54  Marine  
  92  6:58  SCV x2  
  92  7:00  Supply Depot  
  92  7:01  Supply Depot  
  95  7:02  Medivac x2  
  95  7:03  Marine x2  
  95  7:06  Marine x2  
  103  7:12  Marine  
  101  7:23  Marine  
  101  7:26  Marine x3  
  101  7:27  Siege Tank  
  101  7:29  Marine, Terran Infantry Armor Level 1  
  108  7:31  Barracks  
  108  7:32  SCV, Barracks  
  110  7:41  Marine  
  110  7:43  SCV, Marine  
  110  7:44  Marine  
  114  7:48  SCV, Supply Depot  
  114  7:51  Supply Depot  
  115  7:53  Marine  
  115  7:54  Marine  
  117  7:59  Marine  
  117  8:01  Marine  
  119  8:05  Orbital Command  
  119  8:06  Siege Tank  
  116  8:25  Marine x2  
  116  8:26  Marine  
  106  8:30  Marine  
  102  8:34  Marine  
  102  8:38  Barracks Reactor  
  102  8:39  Siege Tank, Barracks Reactor  
  102  8:40  SCV  
  103  8:42  Armory, Orbital Command  
  103  8:43  Marine x2, Engineering Bay  
  103  8:44  Factory, Marine  
  103  8:45  SCV  
  103  8:48  Marine  
  104  8:52  Marine  
  104  8:53  SCV  
  105  8:57  SCV, Missile Turret  
  105  9:00  Marine  
  105  9:01  Marine  
  105  9:02  Marine  
  107  9:05  Medivac, Marine  
  107  9:06  SCV, Medivac  
  107  9:08  SCV  
  107  9:09  SCV  
  114  9:10  Marine  
  115  9:18  Marine x2  
  115  9:19  SCV  
  115  9:20  Marine x5  
  115  9:23  SCV, Siege Tank, Marine  
  128  9:27  Supply Depot, Marine  
  128  9:28  Terran Infantry Weapons Level 2  
  128  9:29  Terran Infantry Armor Level 2  
  129  9:32  Refinery  
  129  9:35  SCV  
  129  9:36  Refinery, SCV, Marine  
  132  9:43  Marine  
  133  9:45  Marine x2  
  133  9:49  Marine x3  
  133  9:50  Marine x2  
  133  9:51  Supply Depot  
  140  9:53  Terran Vehicle Weapons Level 1  
  140  9:54  Supply Depot, Marine  
  140  9:59  Factory Tech Lab  
  141  10:01  Marine  
  141  10:03  Marine x2  
  141  10:06  Marine  
  141  10:07  Marine x2  
  145  10:08  Marine x2  
  149  10:15  Marine  
  149  10:19  Supply Depot  
  149  10:22  Siege Tank x2  
  149  10:23  Command Center, Marine x2  
  149  10:24  Marine  
  149  10:26  Marine x2  
  160  10:31  Marine x3  
  160  10:34  Marine  
  164  10:41  Marine x3  
  167  10:43  Marine  
  167  10:45  Marine  
  167  10:49  Marine x2  
  168  10:50  Medivac  
  168  10:54  Siege Tank x2  
  168  10:56  Marine x2, Missile Turret  
  176  10:59  Marine x3  
  179  11:07  Marine x3  
  179  11:10  SCV x2  
  184  11:11  Sensor Tower  
  181  11:21  Marine  
  181  11:22  Marine x2  
  181  11:24  Marine x2  
  184  11:26  Supply Depot  
  184  11:27  Supply Depot  
  184  11:30  Missile Turret  
  184  11:32  Siege Tank  
  187  11:39  Planetary Fortress  
  187  11:42  Factory Tech Lab, Marine x2  
  189  11:49  Terran Infantry Weapons Level 3, Terran Infantry Armor Level 3  
  189  11:54  Marine x2  
  189  11:58  Starport  
  189  12:00  Viking x2  
  156  12:15  Marine  
  156  12:16  Marine x5  
  156  12:17  Siege Tank x2, Marine x2  
  156  12:19  SCV x3  
  156  12:20  SCV  
  156  12:21  Marine  
  175  12:28  Barracks  
  175  12:33  Barracks, Marine  
  175  12:34  Barracks, Marine x3  
  176  12:44  Marine x3  
  176  12:49  Marine  
  176  12:50  SCV  
  178  12:53  Liberator  
  176  13:00  Marine x2  
  176  13:03  Marine  
  161  13:09  Marine x2  
  162  13:19  Supply Depot, Marine x2  
  164  13:20  Marine x2  
  164  13:23  Marine x3  
  164  13:24  Siege Tank  
  164  13:25  Command Center, Starport Reactor  
  172  13:27  Marine  
  172  13:28  Marine  
  171  13:37  Marine x2  
  171  13:38  Marine x2  
  171  13:40  Siege Tank, Marine x2  
  171  13:41  Marine  
  146  13:42  Barracks Reactor x3  
  146  13:45  SCV x3, Marine  
  146  13:46  SCV, Marine  
  148  13:54  Marine  
  148  13:55  Marine  
  150  13:56  Marine  
  150  13:57  Siege Tank  
  150  13:58  Marine  
  155  14:06  Marine  
  155  14:07  Marine  
  146  14:17  Marine  
  146  14:18  Marine  
  146  14:20  Marine x2  
  146  14:21  Marine x2  
  146  14:26  Marine x2  
  146  14:28  Marine  
  146  14:29  Marine x3  
  146  14:30  Marine  
  146  14:31  Marine x2  
  119  14:34  Medivac x3, Siege Tank  
  119  14:35  Marine x2  
  119  14:37  Marine x2  
  123  14:39  Orbital Command  
  116  14:48  Marine x2  
  116  14:49  Marine x2  
  116  14:51  Marine  
  103  14:56  Marine  
  99  15:00  Marine x2  
  99  15:02  Marine  
  99  15:03  Marine  
  99  15:06  Marine x2  
Tags
 
Add a new tag
Caveats
  • Supply blocks, unpowered buildings, or Contaminate may cause inaccurate times.
  • Supply counts are checked every 10 seconds.